 Dungeon Crawl Stone Soup version 0.22.0-38-g04b72b8c25 (webtiles) character file.

651 Gaplan the Covert (level 7, -1/42 HPs)
             Began as a Kobold Assassin on Aug 26, 2018.
             Was an Initiate of Okawaru.
             Slain by a wight
             ... wielding a cursed +3 dire flail
              (4 damage)
             ... on level 5 of the Dungeon.
             The game lasted 00:15:33 (6535 turns).

Gaplan the Covert (Kobold Assassin)                 Turns: 6535, Time: 00:15:34

Health: -1/42      AC:  6    Str: 14    XL:     7   Next: 83%
Magic:  7/7        EV: 16    Int: 12    God:    Okawaru [......]
Gold:   276        SH:  0    Dex: 18    Spells: 6/6 levels left

rFire    . . .     SeeInvis .   a - +2 dagger
rCold    + . .     Gourm    .   (shield restricted)
rNeg     . . .     Faith    .   B - +0 robe {rC+}
rPois    +         Spirit   .   D - +2 hat
rElec    .         Reflect  .   d - +0 cloak
rCorr    .         Harm     .   (no gloves)
MR       +....                  A - +0 pair of boots "Ohaiwi" {rPois}
Stlth    ++++......             (no amulet)
HPRegen  0.14/turn              i - ring of protection from magic
MPRegen  0.10/turn              (no ring)

@: mighty, drained
A: small, carnivore
a: Renounce Religion


You were on level 5 of the Dungeon.
You worshipped Okawaru.
Okawaru was noncommittal.
You were full.

You visited 2 branches of the dungeon, and saw 7 of its levels.

You collected 276 gold pieces.

Inventory:

Hand Weapons
 a - a +2 dagger (weapon)
 b - a +0 blowgun
 r - a +0 short sword of draining
Missiles
 e - 84 poisoned needles
 f - 2 curare-tipped needles
Armour
 c - a +0 robe
 d - a +0 cloak (worn)
 A - the +0 pair of boots "Ohaiwi" (worn) {rPois}
   (You found it on level 4 of the Dungeon)

   It protects you from poison.
 B - a +0 robe of cold resistance (worn)
 D - a +2 hat (worn)
Jewellery
 i - a ring of protection from magic (left hand)
Wands
 k - a wand of polymorph (16)
Scrolls
 o - 3 scrolls of identify
 p - a scroll of remove curse
 s - a scroll of enchant weapon {unknown}
 u - a scroll of amnesia {unknown}
 y - a scroll of random uselessness {unknown}
Potions
 h - a potion of agility
 j - a potion of resistance
 m - 3 potions of flight
 w - a potion of curing {unknown}
Comestibles
 g - 16 rations


   Skills:
 + Level 3.9(3.3) Fighting
 + Level 6.7(6.1) Short Blades
 + Level 2.6(2.0) Throwing
 - Level 3.7(3.1) Dodging
 * Level 8.3(7.6) Stealth


You had 6 spell levels left.
You didn't know any spells.
Your spell library was empty.

Dungeon Overview and Level Annotations

Branches:
Dungeon (6/15)             Temple (1/1) D:5

Altars:
Dithmenos
Elyvilon
Fedhas
Gozag
Hepliaklqana
Kikubaaqudgha
Makhleb
Nemelex Xobeh
Okawaru
Qazlal
Ru
Sif Muna
Trog
Uskayaw
Vehumet
Xom
Yredelemnul
Zin
The Shining One


Innate Abilities, Weirdness & Mutations

You are small and have problems with some larger weapons.
You are carnivorous and can eat meat at any time.


Message History

There is a stone staircase leading up here.
The wight barely misses you. The wight misses you.
You climb upwards.
There is a stone staircase leading down here.
You hit the wight but do no damage.
The wight is heavily damaged.
The wight misses you.
You hit the wight.
The wight is heavily damaged.
The wight hits you with an enchanted dire flail.
* * * LOW HITPOINT WARNING * * *
It was a potion of might.
You feel very mighty all of a sudden.
Okay, then.
You closely miss the wight.
The wight is heavily damaged.
The wight hits you with an enchanted dire flail!
* * * LOW HITPOINT WARNING * * *
You feel drained.
You die...

##.###.............#....#...#
##.# ####.....######....#...#
...# #.....#.........#...#
...# #.....#...#######...#
...# #.....#...#....<#####
..#######.....##'##.....#
..#............)........#
..#>............z.......#
..#.............@.......#
..'.....................#
..#.....................#
###.....................#
......#############.....#
......#.....#.....#.....#
......#.....#.....#.....#
......#.....'......######
......##...###.....#


You could see a wight.

Vanquished Creatures
  Edmund (D:5)
  An ice beast (D:5)
  2 crimson imps (D:5)
  A jelly (D:5)
  2 orc priests
  An orc wizard (D:3)
  A centaur skeleton (D:5)
  Natasha (twice) (D:3)
  2 worker ants (D:5)
  A hound skeleton (D:4)
  3 adders
  2 oozes
  An adder skeleton (D:4)
  3 worms
  2 leopard geckos
  5 orcs
  5 giant cockroaches
  A goblin (D:2)
  6 hobgoblins
  15 jackals
  3 kobolds
  A quokka (D:2)
  A ball python (D:1)
  9 bats
  6 frilled lizards
  A leopard gecko skeleton (D:5)
  4 rats (D:1)
82 creatures vanquished.

Notes
Turn   | Place    | Note
-------+----------+-------------------------------------------
     0 | D:1      | Gaplan the Kobold Assassin began the quest for the Orb.
     0 | D:1      | Reached XP level 1. HP: 12/12 MP: 1/1
   155 | D:1      | Reached XP level 2. HP: 17/17 MP: 2/2
   235 | D:1      | Reached skill level 6 in Stealth
   246 | D:1      | Reached XP level 3. HP: 5/21 MP: 3/3
  1278 | D:2      | Reached XP level 4. HP: 27/27 MP: 4/4
  2091 | D:2      | Found a radiant altar of Vehumet.
  2477 | D:3      | Noticed Natasha
  2488 | D:3      | Killed Natasha
  2488 | D:3      | Reached skill level 7 in Stealth
  2488 | D:3      | Reached XP level 5. HP: 19/31 MP: 5/5
  2514 | D:3      | Found a blossoming altar of Fedhas.
  2888 | D:3      | Noticed Natasha
  2899 | D:3      | Killed Natasha
  3241 | D:4      | Got a pair of polished boots
  3247 | D:4      | Identified the +0 pair of boots "Ohaiwi" {rPois} (You found it on level 4 of the Dungeon)
  3292 | D:4      | Found a glowing silver altar of Zin.
  3495 | D:4      | Found a white marble altar of Elyvilon.
  3900 | D:5      | Entered Level 5 of the Dungeon
  3969 | D:5      | Noticed an ice beast
  4196 | D:5      | Reached XP level 6. HP: 26/36 MP: 6/6
  4236 | D:5      | HP: 1/37 [acid (2)]
  4237 | D:5      | Reached skill level 5 in Short Blades
  4764 | D:5      | Killed an ice beast
  4764 | D:5      | Reached XP level 7. HP: 41/41 MP: 7/7
  5285 | D:5      | Found a staircase to the Ecumenical Temple.
  5293 | Temple   | Entered the Ecumenical Temple
  5440 | Temple   | Became a worshipper of Warmaster Okawaru
  5503 | D:5      | Noticed Edmund
  6102 | D:5      | Killed Edmund
  6102 | D:5      | Reached skill level 8 in Stealth
  6535 | D:5      | Slain by a wight

Skill      XL: |  1  2  3  4  5  6  7 |
---------------+----------------------+-----
Stealth        | 6 7 8 |  8.3
Short Blades   | 3 4 5 6 |  6.7
Dodging        | 2 3 |  3.7
Fighting       | 3 |  3.9
Throwing       | |  2.6

Action                   |  1- 3 |  4- 6 |  7- 9 || total
-------------------------+-------+-------+-------++-------
Melee: Dagger            |    93 |   132 |   211 ||   436
       Short sword       |       |   147 |       ||   147
  Use: Scroll            |       |     5 |     2 ||     7
       Potion            |       |     5 |     5 ||    10
 Stab: Sleeping          |    12 |     7 |     5 ||    24
       Distracted        |     1 |       |       ||     1
       Invisible         |       |       |     1 ||     1
  Eat: Chunk             |     9 |     7 |     8 ||    24
Armor: Robe              |    25 |    52 |    25 ||   102
       Skin              |       |       |     3 ||     3
Dodge: Dodged            |    55 |   156 |   131 ||   342
